 Dungeon Crawl Stone Soup version 0.18-a0-1-gfac8111 (webtiles) character file.

270 kae the Firebug (level 6, -6/32 HPs)
             Began as a Tengu Fire Elementalist on Oct 30, 2015.
             Mangled by an ogre
             ... wielding a +0 giant club
              (14 damage)
             ... on level 5 of the Dungeon.
             The game lasted 00:04:52 (4338 turns).

kae the Firebug (Tengu Fire Elementalist)           Turns: 4338, Time: 00:04:52

Health: -6/32      AC:  4    Str:  9    XL:     6   Next: 22%
Magic:  3/10       EV: 12    Int: 23    God:
Gold:   250        SH:  0    Dex: 14    Spells: 3 memorised, 3 levels left

rFire  . . .     SeeInvis .     (no weapon)
rCold  . . .     Clarity  .     a - +0 robe
rNeg   + + .     SustAt   .     (no shield)
rPois  +         Gourm    .     (helmet restricted)
rElec  .         Spirit   .     l - +0 cloak
rCorr  .         Warding  .     q - +0 pair of gloves of Ennui {-Tele rPois rN++ Int+2}
rMut   .         NoTele   +     (boots unavailable)
MR     .....                    (no amulet)
Stlth  ++........               p - ring of invisibility
                                j - +4 ring of intelligence

@: not resistant to hostile enchantments, unstealthy
A: beak, talons 3, able to fly 1
a: Fly, Evoke Invisibility


You were on level 5 of the Dungeon.
You were near starving.

You visited 2 branches of the dungeon, and saw 6 of its levels.

You collected 250 gold pieces.

Inventory:

Armour
 a - a +0 robe (worn)
 l - a +0 cloak (worn)
 q - the +0 pair of gloves of Ennui (worn) {-Tele rPois rN++ Int+2}
   (You found it on level 4 of the Dungeon)

   It affects your intelligence (+2).
   It protects you from poison.
   It greatly protects you from negative energy.
   It prevents most forms of teleportation.
Jewellery
 j - a +4 ring of intelligence (left hand)
 n - a cursed ring of teleportation {unknown}
 p - a ring of invisibility (right hand)
Wands
 w - a wand of teleportation (3)
Scrolls
 k - a scroll of teleportation
Potions
 d - a potion of invisibility {unknown}
 e - a potion of poison {unknown}
 f - a potion of agility {unknown}
 g - a potion of cancellation {unknown}
 i - 6 potions of curing
 v - a potion of haste {unknown}
Books
 b - a book of Flames

   Spells                             Type                      Level
   a - Flame Tongue                   Conjuration/Fire             1
   b - Throw Flame                    Conjuration/Fire             2
   c - Conjure Flame                  Conjuration/Fire             3
   d - Inner Flame                    Hexes/Fire                   3
   e - Sticky Flame                   Conjuration/Fire             4
   f - Fireball                       Conjuration/Fire             5
Comestibles
 c - 3 bread rations
 h - a meat ration
 m - a beef jerky
 t - a royal jelly


   Skills:
 - Level 2.1 Dodging
 - Level 2.0 Stealth
 - Level 2.0 Spellcasting
 + Level 4.2 Conjurations
 * Level 6.5 Fire Magic


You had 3 spell levels left.
You knew the following spells:

 Your Spells              Type           Power        Failure   Level  Hunger
a - Flame Tongue          Conj/Fire      ####.        1%          1    #......
b - Throw Flame           Conj/Fire      ####..       2%          2    ##.....
c - Conjure Flame         Conj/Fire      ####....     6%          3    ###....


Dungeon Overview and Level Annotations

Branches:
Dungeon (5/15)             Temple (1/1) D:4

Altars:
Ashenzari
Cheibriados
Elyvilon
Fedhas
Gozag
Kikubaaqudgha
Makhleb
Nemelex Xobeh
Okawaru
Qazlal
Sif Muna
Trog
Xom

Shops:
D:4 (   D:5 (

Annotations:
D:3 Sigmund


Innate Abilities, Weirdness & Mutations

You have a beak for a mouth.
You have claws for feet.
You can fly.


Message History

Aim: an ogre, wielding a giant club (heavily wounded)
The flame tongue misses the ogre.
Casting: Flame Tongue
Confirm with . or Enter, or press ? or * to list all spells.
Aiming: Flame Tongue
Press: ? - help, Shift-Dir - straight line, f/p - ogre
Aim: an ogre, wielding a giant club (heavily wounded)
The flame tongue hits the ogre.
The ogre is severely wounded.
The ogre hits you with a giant club!
* * * LOW HITPOINT WARNING * * *
Casting: Flame Tongue
Confirm with . or Enter, or press ? or * to list all spells.
Aiming: Flame Tongue
Press: ? - help, Shift-Dir - straight line, f/p - ogre
Aim: an ogre, wielding a giant club (severely wounded)
The flame tongue hits the ogre.
The ogre is severely wounded.
The ogre hits you with a giant club!
You die...

..# #..............
#.###......#.........
#...................#
#####)))...##.......##
#................#
#......##...##!.#
#......#........##
#...........O.....#
....#####.....@....#
.##.# ##........## ..
#.# ########## #. #.#


You could see an ogre.

Vanquished Creatures
  An iguana (D:4)
  A jelly (D:5)
  Jessica (D:3)
  2 worker ants (D:4)
  A worker ant zombie (D:5)
  4 adders (D:2)
  A shadow imp (D:5)
  2 worms
  12 orcs
  3 ball pythons
  3 bats (D:1)
  5 giant cockroaches
  4 goblins
  8 hobgoblins
  A kobold (D:2)
  2 quokkas
  A giant gecko skeleton (D:4)
  6 giant newts
  A jackal skeleton (D:4)
  18 rats
77 creatures vanquished.

Notes
Turn   | Place    | Note
--------------------------------------------------------------
     0 | D:1      | kae the Tengu Fire Elementalist began the quest for the Orb.
     0 | D:1      | Reached XP level 1. HP: 10/10 MP: 4/4
   178 | D:1      | Reached XP level 2. HP: 10/15 MP: 1/6
   582 | D:1      | Reached skill level 4 in Fire Magic
   776 | D:1      | Reached XP level 3. HP: 19/19 MP: 4/7
  1179 | D:2      | Learned a level 2 spell: Throw Flame
  1183 | D:2      | Learned a level 3 spell: Conjure Flame
  1428 | D:2      | Reached XP level 4. HP: 24/24 MP: 4/8
  1588 | D:2      | Reached skill level 5 in Fire Magic
  1770 | D:2      | Found an opulent altar of Gozag.
  2071 | D:3      | Noticed Jessica
  2075 | D:3      | Noticed Sigmund
  2228 | D:3      | Killed Jessica
  2426 | D:4      | Gained mutation: You can fly. [Tengu growth]
  2426 | D:4      | Reached XP level 5. HP: 28/28 MP: 7/9
  2429 | D:4      | Found a sparkling altar of Nemelex Xobeh.
  2448 | D:4      | Got a pair of brightly glowing gloves
  2454 | D:4      | Identified the cursed +0 pair of gloves of Ennui {-Tele rPois rN++ Int+2} (You found it on level 4 of the Dungeon)
  2473 | D:4      | Found Kipidoeck's Antique Weapon Shoppe.
  2622 | D:4      | Found a staircase to the Ecumenical Temple.
  2629 | Temple   | Entered the Ecumenical Temple
  3067 | D:4      | Found a stormy altar of Qazlal.
  3459 | D:4      | Reached skill level 6 in Fire Magic
  3894 | D:5      | Entered Level 5 of the Dungeon
  3924 | D:5      | Found Behim's Antique Weapon Shoppe.
  3963 | D:5      | Reached XP level 6. HP: 25/32 MP: 0/10
  4328 | D:5      | Noticed an ogre
  4338 | D:5      | Mangled by an ogre

Vault maps used:
D:1:      erik_arrival_orb_chamber, moated_statue
D:2:      grunt_gozag_breadcrumbs
D:3:      nicolae_overflow_crystal_walls, guppyfry_early_orc_mine, uniq_sigmund,
          uniq_jessica
D:4:      nicolae_overflow_hidden_temple, nemelex_xobeh_ov_fountains_minmay,
          temple_statues, serial_shops, shop
D:5:      serial_shops, nicolae_shop_statue_plus, first_bread,
          nrook_pool_corridor, uniq_prince_ribbit1
Temple:   triangle_lava_temple_11

Action                   |  1- 3 |  4- 6 || total
-------------------------+-------+-------++-------
Melee: Unarmed           |    41 |    10 ||    51
 Cast: Flame Tongue      |    40 |    96 ||   136
       Throw Flame       |     1 |     7 ||     8
  Use: Scroll            |       |     8 ||     8
 Stab: Sleeping          |     1 |       ||     1
  Eat: Chunk             |     2 |     8 ||    10
